 Dungeon Crawl Stone Soup version 0.31.0-11-ge490571c62 (webtiles) character file.

Game seed: 4767376177608257206

539 Daunt the Trooper (level 6, -1/58 HPs)
             Began as a Demigod Shapeshifter on Jan 30, 2024.
             Incinerated by a bombardier beetle (5 damage)
             ... with a burning spray
             ... on level 4 of the Dungeon.
             The game lasted 00:10:52 (3587 turns).

Daunt the Trooper (Demigod Shapeshifter)            Turns: 3587, Time: 00:10:52

Health: -1/58      AC:  8    Str: 15    XL:     6   Next: 75%
Magic:  8/8        EV: 12    Int: 12    God:
Gold:   192        SH:  0    Dex: 21    Spells: 5/5 levels left

rFire   . . .        t - +0 sling
rCold   . . .        (no shield)
rNeg    . . .        z - +0 chain mail
rPois   .            (helmet currently unavailable)
rElec   .            (cloak currently unavailable)
rCorr   .            (gloves currently unavailable)
SInv    .            (boots currently unavailable)
Will    .....        (no amulet) Stlth
                     g - +5 ring of evasion
HPRegen 0.29/turn    (no ring)
MPRegen 0.11/turn

%: no passive effects
@: on fire, beast-form, glowing
A: beast (slay +1), high MP 1, forlorn, divine attributes
a: Begin Untransformation


You were on level 4 of the Dungeon.
You were a hulking beast.
You visited 1 branch of the dungeon, and saw 4 of its levels.
You also visited: Sewer.

You collected 192 gold pieces.

Inventory:

Hand Weapons
 j - a +0 trident
 p - a +2 flail of protection
 t - a +0 sling (weapon)
 y - a +1 rapier of draining
Missiles
 h - 31 stones
 i - 15 poisoned darts
Armour
 a - a +0 animal skin
 r - a +0 chain mail
 z - a +0 chain mail (worn)
Jewellery
 g - a +5 ring of evasion (left hand)
 w - a ring of wizardry
Talismans
 c - a beast talisman
 d - a flux talisman
Scrolls
 e - a scroll of noise {unknown}
 f - 2 scrolls of silence {unknown}
 k - a scroll of immolation {unknown}
 l - 4 scrolls of teleportation {unknown}
 m - 2 scrolls of vulnerability {unknown}
 n - 2 scrolls of amnesia {unknown}
 o - a scroll of summoning {unknown}
 q - 2 scrolls of blinking
 s - a scroll of fear {unknown}
 v - a scroll of poison {unknown}
Potions
 b - 2 potions of lignification
 u - a potion of brilliance {unknown}
 x - a potion of mutation {unknown}


   Skills:
 + Level 6.8 Fighting
 - Level 1.7 Dodging
 - Level 2.6 Unarmed Combat
 - Level 2.6 Shapeshifting


You had 5 spell levels left.
You didn't know any spells.
Your spell library contained the following spells:

 Spells                   Type           Power      Damage    Failure   Level
 Apportation              Tloc           0%         N/A       99%         1
 Blink                    Tloc           0%         N/A       100%        2
 Jinxbite                 Hex            0%         N/A       100%        2
 Momentum Strike          Conj/Tloc      0%         3d8       100%        2
 Ozocubu's Armour         Ice            0%         N/A       100%        3
 Iskenderun's Mystic Bla  Conj/Tloc      0%         2d3       100%        4
 Alistair's Intoxication  Alch           0%         N/A       100%        5
 Metabolic Englaciation   Hex/Ice        0%         N/A       100%        5
 Sculpt Simulacrum        Ice/Alch       0%         N/A       100%        6
 Starburst                Conj/Fire      0%         6d3       100%        6


Dungeon Overview and Level Annotations

Branches:
Dungeon (4/15)              Sewer (visited)
 Temple: D:4-7


Innate Abilities, Weirdness & Mutations

You are a hulking beast.
Your limbs bulge with bestial killing power. (Slay +1)
You have an increased reservoir of magic. (+10% MP)
You shall have no god before yourself.
Your divine heritage dramatically boosts your attributes as you level up.


Message History

You are covered in liquid fire!
You shoot a sling bullet.
The sling bullet hits the bombardier beetle.
The bombardier beetle is almost dead.
The liquid fire burns you!
The bombardier beetle sprays incendiary fluid at you.
The burning spray hits you.
You are even more covered in liquid fire!
Unknown command.
You shoot a sling bullet.
The sling bullet hits the bombardier beetle but does no damage.
The bombardier beetle is almost dead.
The liquid fire burns you!
The bombardier beetle sprays incendiary fluid at you.
The burning spray hits you.
You are even more covered in liquid fire!
You shoot a sling bullet.
The sling bullet barely misses the bombardier beetle.
The liquid fire burns you!
The bombardier beetle sprays incendiary fluid at you.
The burning spray hits you.
You are even more covered in liquid fire!
Unknown command.
You shake off some of the fire as you move.
The liquid fire burns you!
You shake off some of the fire as you move.
The liquid fire burns you!
* * * LOW HITPOINT WARNING * * *
You shake off some of the fire as you move.
The liquid fire burns you!
* * * LOW HITPOINT WARNING * * *
You shake off some of the fire as you move.
The liquid fire burns you!
* * * LOW HITPOINT WARNING * * *
You shake off some of the fire as you move.
The liquid fire burns you!
* * * LOW HITPOINT WARNING * * *
You shake off some of the fire as you move.
The liquid fire burns you!
You die...

#.# #+#....####.###...###
..####.#.##.##...........#
..##........##.#.#####.#.#
......# ###.##.#.......#.#
##....###......#.#...#.#.########
###.........##.#.#._.#.#.........
............##.#.#...#.#.........
##.............#.......#.........
#.#.#.##......#h#####.#......###
#.#........#.................#
#.....##.......#.......B.....###
########...#..##................
#.....................##.
#########...#..##................
............#.................#..
#########...##.#..............#.)
#...#.........###........


There were no monsters in sight!

Vanquished Creatures
  2 bullfrogs (Sewer)
  A scorpion (D:4)
  An orc priest (D:3)
  3 iguanas
  A gnoll (D:1)
  11 adders
  A ribbon worm (D:3)
  8 dart slugs
  7 orcs
  8 bats
  2 endoplasms
  11 giant cockroaches
  5 goblins
  13 hobgoblins
  A jackal (D:1)
  10 kobolds
  4 quokkas
  16 ball pythons
  8 frilled lizards
  9 rats
122 creatures vanquished.

Notes
Turn   | Place    | Note
-------+----------+-------------------------------------------
     0 | D:1      | Daunt the Demigod Shapeshifter began the quest for the Orb.
     0 | D:1      | Reached XP level 1. HP: 15/15 MP: 3/3
    40 | D:1      | Reached skill level 1 in Fighting
   160 | D:1      | Reached skill level 2 in Fighting
   166 | D:1      | Reached XP level 2. HP: 22/24 MP: 4/4
   485 | D:1      | Reached XP level 3. HP: 20/30 MP: 5/5
   621 | D:1      | Reached skill level 3 in Fighting
  1418 | D:2      | Reached XP level 4. HP: 40/40 MP: 6/6
  1579 | D:2      | Reached skill level 4 in Fighting
  1946 | D:3      | Got the Folio of Discontinuous Incandescence
  2056 | D:3      | Reached XP level 5. HP: 35/47 MP: 7/7
  2068 | D:3      | Reached skill level 5 in Fighting
  2870 | D:4      | Reached XP level 6. HP: 57/57 MP: 8/8
  3019 | D:4      | Reached skill level 6 in Fighting
  3025 | D:4      | Found a glowing drain.
  3041 | Sewer    | Entered a sewer
  3587 | D:4      | Incinerated by a bombardier beetle

Illustrated notes

Levels and vault maps discovered:
D:1:      lightli_arrival_isolated_outpost, layout_basic, serial_bayou,
          serial_bayou_pond_d, serial_bayou_lake_a, serial_bayou_crossing,
          serial_bayou_lagoon_b, serial_bayou_pond_b
D:2:      cheibrodos_greedy_goblins, layout_loops_cross
D:3:      layout_basic, nicolae_kikubaaqudgha_miasma_corner
D:4:      layout_basic, mainiacjoe_overflow_cross_hatched,
          gup_sewer_entry_bubbles, nicolae_half_adder

Skill      XL: |  1  2  3  4  5  6 |
---------------+-------------------+-----
Fighting       | 2 3 4 5 6 |  6.8
Dodging        | |  1.7
Unarmed Combat | |  2.6
Shapeshifting  | |  2.6

Action                     |  1- 3 |  4- 6 || total
---------------------------+-------+-------++-------
  Melee: Unarmed           |    91 |       ||    91
         Trident           |    53 |       ||    53
         Flail             |     2 |   208 ||   210
         Punch             |     1 |     5 ||     6
   Fire: Sling             |       |    29 ||    29
  Throw: Stone             |     1 |       ||     1
   Stab: Sleeping          |     4 |       ||     4
 Armour: Animal skin       |    43 |       ||    43
         Chain mail        |       |   173 ||   173
  Dodge: Dodged            |   100 |   185 ||   285
